 Dungeon Crawl Stone Soup version 0.28-b1-25-g9875b3fc8c (webtiles) character file.

Game seed: 10804267935999737690

7 sanka the Magician (level 1, 9/11 HPs)
             Began as a Deep Elf Transmuter on Feb 8, 2022.
             Was a Follower of Kikubaaqudgha.
             Quit the game on level 1 of the Dungeon.
             The game lasted 00:00:23 (397 turns).

sanka the Magician (Deep Elf Transmuter)             Turns: 397, Time: 00:00:24

Health: 9/11       AC:  2    Str:  7    XL:     1   Next: 83%
Magic:  6/7        EV: 12    Int: 17    God:    Kikubaaqudgha [*.....]
Gold:   51         SH:  0    Dex: 15    Spells: 6/7 levels left

rFire   . . .      SeeInvis .     - Unarmed
rCold   . . .      Faith    .   (no shield)
rNeg    . . .      Spirit   .   a - +0 robe
rPois   .          Reflect  .   (helmet currently unavailable)
rElec   .          Harm     .   (no cloak)
rCorr   .          Rampage  .   (no gloves)
Will    .....                   (boots currently unavailable)
Stlth   +.........              (no amulet)
HPRegen 0.03/turn               (no ring)
MPRegen 0.10/turn               (no ring)

@: appendages
A: horns 2, talons 2
a: End Transformation, Renounce Religion, Receive Corpses


You were on level 1 of the Dungeon.
You worshipped Kikubaaqudgha.
Kikubaaqudgha was aware of your devotion.
You had temporarily grown beastly horns and talons.
You visited 1 branch of the dungeon, and saw 1 of its levels.

You collected 51 gold pieces.

Inventory:

Armour
 a - a +0 robe (worn)


   Skills:
 - Level 0.7 Fighting
 - Level 2.4 Dodging
 - Level 2.4 Unarmed Combat
 + Level 3.8 Spellcasting
 - Level 2.1 Transmutations


You had 6 spell levels left.
You knew the following spells:

 Your Spells              Type           Power      Damage    Failure   Level
a - Beastly Appendage     Tmut           20%        N/A       7%          1

Your spell library contained the following spells:

 Spells                   Type           Power      Damage    Failure   Level
 Wereblood                Tmut           10%        N/A       10%         2
 Animate Skeleton         Necr           6%         N/A       16%         1
 Pain                     Necr           12%        1d4       16%         1
 Corpse Rot               Necr/Air       6%         N/A       24%         2
 Sublimation of Blood     Necr           3%         N/A       24%         2
 Spider Form              Tmut/Pois      6%         N/A       30%         3
 Ice Form                 Ice/Tmut       6%         N/A       71%         4


Dungeon Overview and Level Annotations

Branches:
Dungeon (1/15)

Altars:
Kikubaaqudgha


Innate Abilities, Weirdness & Mutations

You have temporarily grown beastly horns and talons.


Message History

You now have 14 gold pieces.
You now have 26 gold pieces (gained 12).
You now have 39 gold pieces (gained 13).
You now have 51 gold pieces (gained 12).
An endoplasm comes into view.
Found a faded altar of an unknown god.
An endoplasm is nearby!
An endoplasm is nearby!
An endoplasm is nearby!
You miscast Beastly Appendage.
You are very lightly contaminated with residual magic.
Nothing appears to happen.
The endoplasm quivers.
No target in view!
There is an open door here.
You hit the endoplasm but do no damage.
The endoplasm hits you but does no damage.
You barely miss the endoplasm. The endoplasm closely misses you.
You barely miss the endoplasm.
The endoplasm hits you but does no damage.
You hit the endoplasm.
The endoplasm is lightly wounded.
The endoplasm barely misses you.
Your magical contamination has completely faded away.
You hit the endoplasm but do no damage.
The endoplasm is lightly wounded.
The endoplasm freezes you.
You are frozen.
You grow a pair of large bovine horns.
Your feet morph into talons.
The endoplasm barely misses you.
You hit the endoplasm. You claw the endoplasm.
You kill the endoplasm!
There is a faded altar of an unknown god here.
You cannot tell which god this altar belongs to.
Convert to them anyway?
Kikubaaqudgha accepts your prayer! Kikubaaqudgha welcomes you!
You can now receive cadavers from Kikubaaqudgha.
Kikubaaqudgha grants you a gift!
You add the spells Animate Skeleton, Pain, Corpse Rot and Sublimation of Blood to your library.
Are you sure you want to abandon this character and quit the game? (Confirm with "yes".)

+## ###+ #..###..#
#...8...# ##
#.....# ...
#8.@.8# ....
##.....#####....
#...8...#.....#
#..###..#.....##
+###.###'.......
#.........##
#######.........#
..................
...##...##.....##


There were no monsters in sight!

Vanquished Creatures
  An endoplasm (D:1)
  A hobgoblin (D:1)
  3 jackals (D:1)
5 creatures vanquished.

Vanquished Creatures (others)
  3 plants (D:1)
3 creatures vanquished.

Grand Total: 8 creatures vanquished

Notes
Turn   | Place    | Note
-------+----------+-------------------------------------------
     0 | D:1      | sanka the Deep Elf Transmuter began the quest for the Orb.
     0 | D:1      | Reached XP level 1. HP: 11/11 MP: 6/6
   380 | D:1      | Found a faded altar of an unknown god.
   396 | D:1      | Prayed at the altar of an unknown god.
   396 | D:1      | Became a worshipper of Kikubaaqudgha
   396 | D:1      | Reached * piety under Kikubaaqudgha
   396 | D:1      | Received a gift from Kikubaaqudgha
   397 | D:1      | Quit the game

Illustrated notes

Levels and vault maps discovered:
D:1:      minmay_arrival_plants_in_alcoves, layout_rooms,
          hellmonk_ecumenical_altar_slurped_away, serial_park_tiny_pond,
          chequers_serial_rivers_micro_a

Action                   || total
-------------------------++-------
Melee: Unarmed           ||    17
       Kick              ||     4
       Headbutt          ||     3
       Punch             ||     1
 Cast: Beastly Appendage ||     3
Armor: Robe              ||     4
Dodge: Dodged            ||    19
